 Dungeon Crawl Stone Soup version 0.26.1-11-gd32895ea62 (webtiles) character file.

Game seed: 16743999880643136498

499 H0rd4k the Insei (level 7, -1/43 HPs)
             Began as an Octopode Transmuter on May 7, 2021.
             Was an Initiate of Gozag.
             Slain by Sigmund
             ... wielding a +0 scythe
              (13 damage)
             ... on level 5 of the Dungeon.
             The game lasted 00:06:48 (6257 turns).

H0rd4k the Insei (Octopode Transmuter)              Turns: 6257, Time: 00:06:49

Health: -1/43      AC:  1    Str:  9    XL:     7   Next: 16%
Magic:  11/11      EV: 14    Int: 18    God:    Gozag
Gold:   325        SH:  0    Dex: 12    Spells: 8/12 levels left

rFire    . . .     SeeInvis .     - Unarmed
rCold    . . .     Faith    .   (no shield)
rNeg     . . .     Spirit   .   (helmet restricted)
rPois    .         Reflect  .   (no amulet)
rElec    .         Harm     .   (no ring)
rCorr    .         Rampage  .   (no ring)
Will     .....                  (no ring)
Stlth    ++........             (no ring)
HPRegen  0.14/turn              (no ring)
MPRegen  0.12/turn              (no ring)
                                (no ring)
                                (no ring)

@: lethally poisoned (-1 -> -1)
A: almost no armour, stealthy swim, amphibious, 8 rings, constrict 8, camouflage
1, gelatinous body 1
a: Renounce Religion, Potion Petition, Call Merchant, Bribe Branch


You were on level 5 of the Dungeon.
You worshipped Gozag.
Gozag was aware of your devotion.
You visited 2 branches of the dungeon, and saw 6 of its levels.

You collected 369 gold pieces.
You paid 44 gold pieces to Gozag.

Inventory:

Missiles
 b - 19 poisoned darts
Wands
 k - a wand of random effects (29)
 n - a wand of acid (3)
Scrolls
 a - 3 scrolls of remove curse
 c - a scroll of fear {unknown}
 d - a scroll of magic mapping {unknown}
 e - a scroll of enchant weapon {unknown}
 i - 2 scrolls of enchant armour {unknown}
 m - a scroll of fog {unknown}
Potions
 f - a potion of ambrosia
 h - a potion of heal wounds
 j - a potion of haste
 l - a potion of attraction


   Skills:
 + Level 1.6 Fighting
 + Level 3.1 Dodging
 - Level 0.4 Stealth
 + Level 5.4 Unarmed Combat
 * Level 3.2 Spellcasting
 * Level 3.2 Transmutations
 + Level 3.0 Poison Magic


You had 8 spell levels left.
You knew the following spells:

 Your Spells              Type           Power        Failure   Level
a - Beastly Appendage     Tmut           28%          4%          1
b - Spider Form           Tmut/Pois      7%           13%         3

Your spell library contained the following spells:

 Spells                   Type           Power        Failure   Level
 Wereblood                Tmut           14%          6%          2
 Ice Form                 Ice/Tmut       8%           63%         4
 Blade Hands              Tmut           7%           75%         5


Dungeon Overview and Level Annotations

Branches:
Dungeon (5/15)             Temple (1/1) D:4

Altars:
Ashenzari
Cheibriados
Dithmenos
Elyvilon
Fedhas
Gozag
Hepliaklqana
Kikubaaqudgha
Makhleb
Qazlal
Ru
Sif Muna
Trog
Vehumet
Wu Jian
Zin
The Shining One

Shops:
D:4 ?

Annotations:
D:3 exclusion: downstairs
D:4 exclusion: upstairs, Grinder
D:5 Ijyb, Sigmund
Temple exclusion: phantom


Innate Abilities, Weirdness & Mutations

You cannot wear most types of armour.
You are very stealthy in the water. (Stealth+)
You are amphibious.
You can wear up to eight rings at the same time.
You can use your tentacles to constrict eight enemies at once.
Your skin changes colour to match your surroundings (Stealth+).
Your rubbery body absorbs attacks. (AC +1, EV +1)


Message History

The howler monkey closely misses you. The hound zombie bites you.
Found a sedimented sapphire potion.
You feel sick.
The howler monkey hoots and howls with incredible vigour!
The quokka completely misses you.
You hear an angry hiss.
You feel sick. The worker ant bites you.
Found a stone staircase leading down.
The howler monkey hoots and howls with incredible vigour!
You hear a bark!
You hear an angry hiss.
Found a rapier.
You feel sick. The worker ant barely misses you.
Found a metallic black potion.
You feel sick.
There is a stone staircase leading down here.
The howler monkey barely misses you. Something hits you!
You die...
Your body crumbles into a pile of gold.

##....# .....#
#....# #....#######
. #..!....... ..
...#...### .# .
.#.####.#{....##.##.
.......@h5O........)
.####..B#........#
..........g.....#
####...#...5....#
#...#...Z.Z..#######
##.......#.........#
#.......#......(..#
#.......#.Zg......#
##......#........$.


You could see an ogre, a howler monkey, a worker ant, a gnoll, a white imp, an
ufetubus, a worker ant zombie and a centaur zombie.

Vanquished Creatures
  A scorpion (D:4)
  A jelly (D:5)
  4 orc wizards
  An iguana (D:4)
  2 worker ants
  5 gnolls
  6 adders
  2 worms
  3 dart slugs
  2 leopard geckos
  11 orcs (D:3)
  5 ball pythons
  13 bats
  6 giant cockroaches
  10 goblins
  11 hobgoblins
  6 jackals
  4 quokkas
  10 frilled lizards
  5 kobolds
  A quokka skeleton (D:5)
  12 rats
121 creatures vanquished.

Vanquished Creatures (others)
  A plant (D:3)
1 creature vanquished.

Grand Total: 122 creatures vanquished

Notes
Turn   | Place    | Note
-------+----------+-------------------------------------------
     0 | D:1      | H0rd4k the Octopode Transmuter began the quest for the Orb.
     0 | D:1      | Reached XP level 1. HP: 13/13 MP: 3/3
   288 | D:1      | Reached XP level 2. HP: 18/18 MP: 5/5
   745 | D:1      | Reached XP level 3. HP: 23/23 MP: 6/6
   749 | D:1      | Learned a level 3 spell: Spider Form
  1601 | D:2      | Reached skill level 4 in Unarmed Combat
  1690 | D:2      | Reached skill level 1 in Poison Magic
  1774 | D:2      | Reached XP level 4. HP: 26/28 MP: 7/7
  3164 | D:3      | Reached XP level 5. HP: 33/33 MP: 8/8
  3217 | D:4      | Found a burning altar of Makhleb.
  3285 | D:4      | Found Itoses's Magic Scroll Shoppe.
  3311 | D:4      | Noticed a phantom
  3318 | D:4      | Found a staircase to the Ecumenical Temple.
  3357 | Temple   | Entered the Ecumenical Temple
  3478 | Temple   | Became a worshipper of Gozag Ym Sagoz the Greedy
  4458 | D:3      | Reached XP level 6. HP: 35/38 MP: 1/10
  5282 | D:3      | Reached skill level 5 in Unarmed Combat
  5883 | D:4      | Noticed Grinder
  5887 | D:4      | Reached XP level 7. HP: 29/43 MP: 7/11
  5892 | D:5      | Entered Level 5 of the Dungeon
  6219 | D:5      | Noticed Ijyb
  6231 | D:5      | Noticed Sigmund
  6242 | D:5      | HP: 1/43 [something (8)]
  6257 | D:5      | Slain by Sigmund

Illustrated notes

Levels and vault maps discovered:
D:1:      tarquinn_simple_flora_water_c, layout_basic
D:2:      layout_basic
D:3:      layout_basic, minmay_shallow_snake_nest
D:4:      layout_cave_pools, nicolae_overflow_crystal_walls,
          minmay_temple_entry_trees, serial_shops, nicolae_shop_crystal,
          chequers_serial_rivers_small_a, uniq_grinder
D:5:      layout_basic, kennysheep_mini_moat, serial_glass, glass_columns_a,
          glass_columns_b, chequers_serial_rivers_small_b, minmay_bent,
          uniq_sigmund, uniq_ijyb, uniq_crazy_yiuf_cottage
Temple:   nicolae_temple_elliptical

Skill      XL: |  1  2  3  4  5  6  7 |
---------------+----------------------+-----
Unarmed Combat | 4 5 |  5.4
Poison Magic   | 1 2 3 |  3.0
Spellcasting   | 3 |  3.2
Transmutations | 3 |  3.2
Dodging        | 3 |  3.1
Fighting       | |  1.6
Stealth        | |  0.4

Action                   |  1- 3 |  4- 6 |  7- 9 || total
-------------------------+-------+-------+-------++-------
Melee: Unarmed           |   101 |   179 |    14 ||   294
       Constrict         |    28 |    41 |     1 ||    70
       Tentacles         |    22 |    30 |     1 ||    53
       Punch             |     3 |     2 |       ||     5
 Cast: Spider Form       |       |     8 |     2 ||    10
  Use: Scroll            |       |     5 |     1 ||     6
       Potion            |       |       |     2 ||     2
 Stab: Sleeping          |     3 |     9 |       ||    12
       Distracted        |     1 |     1 |       ||     2
Armor: Skin              |    13 |    13 |     1 ||    27
Dodge: Dodged            |    52 |   101 |    25 ||   178
